 Dungeon Crawl Stone Soup version 0.30-a0-1157-g2cc9ac7196 (webtiles) character file.

Game seed: 12109352330859467560

468 Newt the Trooper (level 6, -7/51 HPs)
             Began as a Demonspawn Gladiator on Apr 24, 2023.
             Splashed by a jelly's acid (11 damage)
             ... on level 4 of the Dungeon.
             The game lasted 00:03:57 (4138 turns).

Newt the Trooper (Demonspawn Gladiator)             Turns: 4138, Time: 00:03:58

Health: -7/51      AC: -11   Str: 16    XL:     6   Next: 81%
Magic:  6/6        EV: 12    Int: 10    God:
Gold:   202        SH:  7    Dex: 14    Spells: 5/5 levels left

rFire   . . .        t - +0 dagger (venom)
rCold   . . .        h - +0 buckler
rNeg    . . .        b - +0 leather armour
rPois   .            c - +0 helmet
rElec   .            p - +0 cloak
rCorr   .            (no gloves)
SInv    .            (no boots)
Will    .....        (no amulet)
Stlth   +            u - ring of wizardry
HPRegen 0.28/turn    (no ring)
MPRegen 0.10/turn

%: wizardry (x1)
@: mighty, about to teleport, corroded
A: powered by pain 1, condensation shield
a: no special abilities


You were on level 4 of the Dungeon.
You visited 1 branch of the dungeon, and saw 4 of its levels.

You collected 202 gold pieces.

Inventory:

Hand Weapons
 a - a +0 rapier
 j - a +0 dagger of speed
 o - a +3 quarterstaff of chaos
 t - a +0 dagger of venom (weapon)
Missiles
 d - 2 throwing nets
 e - a javelin
 k - 38 stones (quivered)
 l - 21 poisoned darts
Armour
 b - a +0 leather armour (worn)
 c - a +0 helmet (worn)
 h - a +0 buckler (worn)
 p - a +0 cloak (worn)
Jewellery
 u - a ring of wizardry (left hand)
Potions
 f - a potion of haste
 i - 4 potions of flight
 m - a potion of degeneration {unknown}
 n - a potion of mutation {unknown}
 q - a potion of brilliance {unknown}
 r - 2 potions of might {unknown}


   Skills:
 - Level 5.0 Fighting
 - Level 2.6 Short Blades
 - Level 5.0 Throwing
 + Level 3.2 Dodging


You had 5 spell levels left.
You didn't know any spells.
Your spell library contained the following spells:

 Spells                   Type           Power      Damage    Failure   Level
 Summon Guardian Golem    Hex/Summ       0%         N/A       56%         3
 Orb of Destruction       Conj           0%         9d5       100%        7
 Spellforged Servitor     Conj/Summ      0%         N/A       100%        7


Dungeon Overview and Level Annotations

Branches:
Dungeon (4/15)
 Temple: D:4-7

Altars:
Ru
Trog


Innate Abilities, Weirdness & Mutations

You sometimes gain a little power by taking damage.
A meltable shield of frost defends you. (SH +4)


Message History

You are frozen.
There is an open door here.
The endoplasm quivers.
You hit the endoplasm.
The endoplasm is heavily wounded.
You block the endoplasm's attack.
The endoplasm hits the fungus.
The fungus begins to die.
You hit the endoplasm.
You kill the endoplasm!
Something hits the fungus.
The endoplasm hits the fungus.
You hit the jelly.
The jelly is poisoned.
The acid corrodes you!
Your hands burn!
The jelly is lightly wounded.
Something hits the fungus.
The jelly hits you. The acid corrodes you!
You are splashed with acid.
The endoplasm hits the fungus.
Something hits the fungus.
The endoplasm hits the fungus.
You hit the jelly but do no damage. The acid corrodes you!
Your hands burn!
The jelly is moderately wounded.
The jelly hits you. The acid corrodes you!
You are splashed with acid!
The endoplasm hits the fungus.
Something hits the fungus.
The endoplasm hits the fungus.
You are too injured to fight recklessly!
You are too injured to fight recklessly!
You are too injured to fight recklessly!
Unknown command.
The jelly attacks as you move away! The jelly hits you. The acid corrodes you!
You are splashed with acid!
* * * LOW HITPOINT WARNING * * *
You focus on the pain.
You feel very mighty all of a sudden.
You feel better. The jelly hits you.
* * * LOW HITPOINT WARNING * * *
The acid corrodes you!
You are splashed with acid!
* * * LOW HITPOINT WARNING * * *
Unknown command.
As you read the scroll of teleportation, it crumbles to dust.
You feel strangely unstable. The jelly hits you.
* * * LOW HITPOINT WARNING * * *
You are splashed with acid!
You die...

#........................##.##
#.....#.###############..##.#
#.).##### ###********#.....#
#)##########.##J÷..÷!##....#*
##.####....#.#.#.PP÷..#*#...#
#...##.....#.#.#.÷..J.# #...###
#...'......#'#.#P..P.÷###†...##
#...'........#)#.J.J..##.......
#...'.)......#@#..PJ..##.......
#...##.......#J#.JJ...##...)...
*#...###......##JPJ.P÷P##.......
*#..#.#*##########......##..#####
#..##..**#**** *########..# #
#.#*##,,,....#############..#***#
#.* *****#.....<.......)..###...
*,* ###.##.#..#.)#...# #.## *,*
*,,#.##.##...### #,**


You could see a jelly (very poisoned) and an endoplasm.

Vanquished Creatures
  An ogre (D:4)
  A scorpion (D:4)
  3 orc priests (D:4)
  Crazy Yiuf (D:2)
  2 iguanas
  An orc wizard (D:4)
  4 adders
  2 worms
  5 dart slugs
  An orc (D:4)
  4 endoplasms
  5 giant cockroaches
  5 goblins
  8 hobgoblins
  3 quokkas
  5 ball pythons
  5 bats
  4 frilled lizards
  19 kobolds
  8 rats
87 creatures vanquished.

Vanquished Creatures (others)
  A fungus (D:4)
  7 toadstools (D:4)
8 creatures vanquished.

Grand Total: 95 creatures vanquished

Notes
Turn   | Place    | Note
-------+----------+-------------------------------------------
     0 | D:1      | Newt the Demonspawn Gladiator began the quest for the Orb.
     0 | D:1      | Reached XP level 1. HP: 16/16 MP: 1/1
    10 | D:1      | Noticed an electric eel
    12 | D:1      | Noticed an electric eel
    87 | D:1      | Gained mutation: A meltable shield of frost defends you.
                  | (SH +4) [demonic ancestry]
    87 | D:1      | Reached XP level 2. HP: 16/23 MP: 2/2
   744 | D:1      | Reached XP level 3. HP: 29/29 MP: 3/3
  1221 | D:2      | Reached XP level 4. HP: 24/38 MP: 4/4
  1862 | D:2      | Found a runed translucent door.
  1863 | D:2      | Noticed Crazy Yiuf
  1878 | D:2      | Killed Crazy Yiuf
  1879 | D:2      | Reached skill level 5 in Fighting
  2014 | D:3      | Gained mutation: You sometimes gain a little power by
                  | taking damage. [demonic ancestry]
  2014 | D:3      | Reached XP level 5. HP: 31/44 MP: 5/5
  2640 | D:3      | Found a faded altar of an unknown god.
  2645 | D:3      | Found a sacrificial altar of Ru.
  3122 | D:4      | Found a bloodstained altar of Trog.
  3510 | D:4      | Reached XP level 6. HP: 51/51 MP: 6/6
  3948 | D:4      | Reached skill level 5 in Throwing
  4138 | D:4      | Splashed by a jelly's acid

Illustrated notes

Levels and vault maps discovered:
D:1:      arrival_aquarium_b, layout_basic
D:2:      layout_rooms, minmay_pentomino_o2, uniq_crazy_yiuf_cottage
D:3:      layout_basic, nicolae_overflow_ecumenical_swirl
D:4:      cheibrodos_fertilizer, layout_rooms, trog_three_pillars_becter

Skill      XL: |  1  2  3  4  5  6 |
---------------+-------------------+-----
Fighting       | 3 4 5 |  5.0
Throwing       | 2 4 5 |  5.0
Dodging        | 3 |  3.2
Short Blades   | |  2.6

Action                     |  1- 3 |  4- 6 || total
---------------------------+-------+-------++-------
  Melee: Rapier            |   112 |    24 ||   136
         Punch             |     1 |       ||     1
         Dagger            |       |   316 ||   316
  Throw: Stone             |     6 |    15 ||    21
         Throwing net      |       |     3 ||     3
         Javelin           |       |     1 ||     1
    Use: Scroll            |     3 |     5 ||     8
         Potion            |       |     1 ||     1
   Stab: Sleeping          |     1 |       ||     1
         Held in net/web   |       |     5 ||     5
 Armour: Leather armour    |    41 |    53 ||    94
  Dodge: Dodged            |    50 |   102 ||   152
  Block: Buckler           |    28 |    97 ||   125

Table legend: (Time is in decaauts)
 A = Elapsed time spent in this place.
 B = Non-inter-level travel time spent in this place.
 C = Inter-level travel time spent in this place.
 D = Time resting spent in this place.
 E = Time spent auto-exploring this place.
 F = Levels seen in this place.
 G = Mean time per level.
                   A        B        C        D        E       F      G
               +--------+--------+--------+--------+--------+-----+--------+
         Total |   4054 |   3952 |    102 |   1206 |   2019 |   4 | 1013.5 |
       Dungeon |   4054 |   3952 |    102 |   1206 |   2019 |   4 | 1013.5 |
               +--------+--------+--------+--------+--------+-----+--------+

Top non-repeatable levels by time:
     D:4: 1306 daAuts
     D:1: 997 daAuts
     D:2: 982 daAuts
     D:3: 768 daAuts
